Chicago Black Hawks vs Detroit Red Wings
Created - Saturday, March 30, 2024 at 07:20
Goals
|
| Chicago Black Hawks |
1 |
2 |
0 |
3 |
| Detroit Red Wings |
1 |
3 |
1 |
5 |
|
Shots
|
| Chicago Black Hawks |
11 |
15 |
3 |
29 |
| Detroit Red Wings |
12 |
12 |
8 |
32 |
|
1st period
1. Detroit Red Wings , Daniel Sprong 7 (Jonathan Huberdeau 5, Shayne Gostisbehere 12) at 4:16
2. Chicago Black Hawks , Kirby Dach 18 (Barrett Hayton 14, Patrice Bergeron 29) at 17:45
Penalties :
Nicholas Paul (CHI) for Hooking (Minor) at 8:11, Cale Makar (CHI) for Hooking (Minor) at 12:44, Steven Stamkos (DET) for Holding (Minor) at 18:07
2nd period
3. Detroit Red Wings , Jonathan Huberdeau 5 (Daniel Sprong 15, Anthony Cirelli 12) at 7:29
4. Detroit Red Wings , Steven Stamkos 22 (Patrick Kane 20, Jared McCann 14) at 12:57
5. Chicago Black Hawks , Jaden Schwartz 12 (Brent Burns 20, Cale Makar 22) at 13:07
6. Chicago Black Hawks , Vincent Trocheck 20 (Kevin Fiala 29, Bo Horvat 27) at 14:03
7. Detroit Red Wings , Mika Zibanejad 19 (Matthew Boldy 14, Carter Verhaeghe 22) at 18:36 (PP)
Penalties :
Barrett Hayton (CHI) for Slashing (Minor) at 17:50
3rd period
8. Detroit Red Wings , Matthew Boldy 19 (Kevin Shattenkirk 18, Mika Zibanejad 35) at 1:39 (PP)
Penalties :
Nicholas Paul (CHI) for Roughing (Minor) at 0:52, Philippe Myers (DET) for Hooking (Minor) at 6:32, Barrett Hayton (CHI) for Hooking (Minor) at 7:50
Goalie Stats
Thatcher Demko (CHI), 27 saves from 32 shots - (0.844), L, 25-7-5, 60:00 minutes
Vitek Vanecek (DET), 26 saves from 29 shots - (0.897), W, 16-13-5, 60:00 minutes
Players Stats for Chicago Black Hawks
Player Name G A P +/- PIM S H SB GA TA FO MP PP MP PK MP
------------------------------------------------------------------------------------
Barrett Hayton 0 1 1 0 4 0 0 0 0 2 5/5 19:11 1:43 2:22
Bo Horvat 0 1 1 0 0 1 2 1 1 0 13/17 16:58 1:33 0:00
Brent Burns 0 1 1 1 0 1 2 2 0 1 0/0 24:19 1:28 3:20
Cale Makar 0 1 1 -1 2 5 2 1 1 1 0/0 22:20 1:49 0:00
Conor Sheary 0 0 0 1 0 1 1 0 1 0 0/0 11:26 0:00 0:00
Devon Toews 0 0 0 0 0 0 2 0 0 1 0/0 21:29 1:49 3:29
Frederick Gaudreau 0 0 0 0 0 0 0 0 0 0 0/0 5:43 0:00 3:26
Jaden Schwartz 1 0 1 1 0 6 1 0 0 0 1/3 13:12 0:00 0:58
Kevin Fiala 0 1 1 0 0 4 0 0 0 0 0/0 17:08 1:33 0:03
Kirby Dach 1 0 1 0 0 4 5 1 1 0 0/1 16:50 1:44 0:00
Marcus Pettersson 0 0 0 1 0 1 0 0 0 0 0/0 13:57 0:00 0:00
Michael Rasmussen 0 0 0 -1 0 0 0 1 0 0 0/0 9:45 0:00 3:20
Nicholas Paul 0 0 0 0 4 0 1 0 1 0 7/17 18:00 0:00 0:00
Patrice Bergeron 0 1 1 0 0 3 2 0 1 2 12/22 20:08 1:44 3:26
Seth Jones 0 0 0 -2 0 1 2 0 0 0 0/0 19:06 1:28 3:20
Shane Pinto 0 0 0 -1 0 0 2 0 0 1 0/2 6:22 0:00 0:03
Travis Sanheim 0 0 0 1 0 0 2 2 0 1 0/0 19:05 0:00 3:29
Vincent Trocheck 1 0 1 0 0 2 1 1 0 1 2/2 17:26 1:33 0:00
Players Stats for Detroit Red Wings
Player Name G A P +/- PIM S H SB GA TA FO MP PP MP PK MP
------------------------------------------------------------------------------------
Alexander Barabanov 0 0 0 0 0 0 0 1 1 0 1/2 8:28 0:00 0:00
Anthony Cirelli 0 1 1 1 0 0 2 0 0 0 7/14 13:26 0:00 1:40
Arthur Kaliyev 0 0 0 0 0 0 1 0 0 0 0/0 12:07 3:08 0:00
Carter Verhaeghe 0 1 1 -1 0 2 6 0 3 0 1/2 17:19 3:41 0:00
Daniel Sprong 1 1 2 1 0 2 0 1 0 0 0/0 15:42 3:20 0:00
Jared McCann 0 1 1 0 0 2 0 0 0 0 4/5 17:40 0:00 1:40
Jonathan Huberdeau 1 1 2 1 0 1 2 0 2 0 0/1 11:17 0:00 0:00
Jordie Benn 0 0 0 2 0 3 2 2 0 1 0/0 16:37 0:00 1:42
Josh Bailey 0 0 0 0 0 0 1 0 0 0 1/4 10:54 0:00 1:37
Kevin Shattenkirk 0 1 1 -2 0 1 1 2 0 2 0/0 26:57 3:29 1:35
MacKenzie Weegar 0 0 0 -2 0 1 2 1 0 0 0/0 26:35 3:29 1:42
Matthew Boldy 1 1 2 -1 0 7 1 0 0 0 0/0 16:35 3:38 0:00
Mika Zibanejad 1 1 2 -1 0 3 1 0 3 0 8/22 18:56 3:41 1:37
Patrick Kane 0 1 1 0 0 4 1 0 0 0 0/2 18:42 3:08 0:00
Philippe Myers 0 0 0 0 2 1 0 1 0 2 0/0 12:10 0:03 0:00
Shayne Gostisbehere 0 1 1 2 0 2 0 2 0 0 0/0 21:17 3:20 1:35
Steven Stamkos 1 0 1 0 2 3 3 0 1 1 7/17 19:10 3:08 0:00
Zach Bogosian 0 0 0 0 0 0 1 1 0 0 0/0 12:08 0:00 0:00
3 Stars
1 - Jonathan Huberdeau (DET)
2 - Daniel Sprong (DET)
3 - Matthew Boldy (DET)
Power Play
Chicago Black Hawks - 0 on 2 Attempt(s) - 0.00%
Detroit Red Wings - 2 on 5 Attempt(s) - 40.00%
Penalty Kill
Chicago Black Hawks - 3 on 5 Attempt(s) - 60.00%
- Score 0 goal in Penalty Kill
Detroit Red Wings - 2 on 2 Attempt(s) - 100.00%
- Score 0 goal in Penalty Kill
Team Stat
Chicago Black Hawks - Hits : 25 - Faceoff Wins : 40 - Blocked Shots : 9 - Penalty Minutes : 10
Detroit Red Wings - Hits : 24 - Faceoff Wins : 29 - Blocked Shots : 11 - Penalty Minutes : 4
Official
Referees : Gord Dwyer and Greg Kimmerly
Linesman : Tim Nowak and Steve Miller
Game Notes
No Game Note
Finance
Level 1 -- Attendance: 5025 (83.75%) -- Ticket Income $502,500
Level 2 -- Attendance: 4008 (80.16%) -- Ticket Income $240,480
Level 3 -- Attendance: 2448 (81.60%) -- Ticket Income $85,680
Level 4 -- Attendance: 3553 (71.06%) -- Ticket Income $88,825
Luxury Box -- Attendance: 825 (82.50%) -- Ticket Income $165,000
Game was played at the Joe Louis Arena.
Total Attendance: 15859 (79.30%)
Total Ticket Income: $1,082,485
Other Income: $378,870
Total Income: $1,461,355
Chicago Black Hawks
5 vs 5 Forward
Center Left Wing Right Wing Time % Phy DF OF
1 Bo Horvat Kevin Fiala Vincent Trocheck 30 1 2 2
2 Patrice Bergeron Barrett Hayton Kirby Dach 30 1 2 2
3 Nicholas Paul Jaden Schwartz Conor Sheary 25 1 2 2
4 Shane Pinto Michael Rasmussen Nicholas Paul 15 1 2 2
5 vs 5 Defense
Defense Defense Time % Phy DF OF
1 Cale Makar Seth Jones 30 0 3 2
2 Brent Burns Devon Toews 30 1 3 1
3 Travis Sanheim Marcus Pettersson 25 0 4 1
4 Cale Makar Brent Burns 15 0 3 2
PowerPlay Forward
Center Left Wing Right Wing Time % Phy DF OF
1 Bo Horvat Kevin Fiala Vincent Trocheck 50 0 0 5
2 Patrice Bergeron Barrett Hayton Kirby Dach 50 0 0 5
PowerPlay Defense
Defense Defense Time % Phy DF OF
1 Brent Burns Seth Jones 50 0 1 4
2 Cale Makar Devon Toews 50 0 1 4
Penalty Kill 4 Players Forward
Center Wing Time % Phy DF OF
1 Patrice Bergeron Frederick Gaudreau 50 0 5 0
2 Barrett Hayton Michael Rasmussen 50 0 5 0
Penalty Kill 4 Players Defense
Defense Defense Time % Phy DF OF
1 Devon Toews Travis Sanheim 50 0 5 0
2 Brent Burns Seth Jones 50 0 5 0
Penalty Kill - 3 Players Forward
Forward Time % Phy DF OF
1 Bo Horvat 50 0 5 0
2 Frederick Gaudreau 50 0 5 0
Penalty Kill - 3 Players Defense
Defense Defense Time % Phy DF OF
1 Marcus Pettersson Seth Jones 50 0 5 0
2 Travis Sanheim Devon Toews 50 0 5 0
4 vs 4 Forward
Center Wing Time % Phy DF OF
1 Vincent Trocheck Frederick Gaudreau 50 1 2 2
2 Shane Pinto Kevin Fiala 50 1 2 2
4 vs 4 Defense
Defense Defense Time % Phy DF OF
1 Devon Toews Travis Sanheim 50 1 3 1
2 Marcus Pettersson Cale Makar 50 0 4 1
Last Minutes Offensive
Center Left Wing Right Wing Defense Defense
Bo Horvat Kevin Fiala Vincent Trocheck Cale Makar Seth Jones
Last Minutes Defensive
Center Left Wing Right Wing Defense Defense
Bo Horvat Kevin Fiala Vincent Trocheck Cale Makar Seth Jones
Goaltenders
Starting : Thatcher Demko
Backup : Jordan Binnington
Extra Forwards
Normal : Frederick Gaudreau, Nicholas Paul, Jaden Schwartz - PP : Frederick Gaudreau, Nicholas Paul - PK : Jaden Schwartz
Extra Defensemen
Normal : Travis Sanheim, Marcus Pettersson, Brent Burns - PP : Travis Sanheim - PK : Marcus Pettersson, Brent Burns
Penalty Shots
Bo Horvat, Patrice Bergeron, Vincent Trocheck, Kevin Fiala, Barrett Hayton
Detroit Red Wings
5 vs 5 Forward
Center Left Wing Right Wing Time % Phy DF OF
1 Steven Stamkos Jared McCann Patrick Kane 35 0 1 4
2 Mika Zibanejad Carter Verhaeghe Matthew Boldy 30 1 2 2
3 Anthony Cirelli Jonathan Huberdeau Daniel Sprong 25 1 2 2
4 Josh Bailey Alexander Barabanov Arthur Kaliyev 10 1 2 2
5 vs 5 Defense
Defense Defense Time % Phy DF OF
1 Kevin Shattenkirk MacKenzie Weegar 40 1 2 2
2 Jordie Benn Shayne Gostisbehere 30 1 2 2
3 Zach Bogosian Philippe Myers 20 3 1 1
4 Kevin Shattenkirk MacKenzie Weegar 10 1 2 2
PowerPlay Forward
Center Left Wing Right Wing Time % Phy DF OF
1 Steven Stamkos Arthur Kaliyev Patrick Kane 50 0 1 4
2 Mika Zibanejad Carter Verhaeghe Matthew Boldy 50 0 1 4
PowerPlay Defense
Defense Defense Time % Phy DF OF
1 Kevin Shattenkirk MacKenzie Weegar 50 1 2 2
2 Shayne Gostisbehere Daniel Sprong 50 1 2 2
Penalty Kill 4 Players Forward
Center Wing Time % Phy DF OF
1 Anthony Cirelli Jared McCann 50 2 2 1
2 Mika Zibanejad Josh Bailey 50 2 2 1
Penalty Kill 4 Players Defense
Defense Defense Time % Phy DF OF
1 Jordie Benn MacKenzie Weegar 50 2 2 1
2 Kevin Shattenkirk Shayne Gostisbehere 50 2 2 1
Penalty Kill - 3 Players Forward
Forward Time % Phy DF OF
1 Mika Zibanejad 50 1 2 2
2 Anthony Cirelli 50 1 2 2
Penalty Kill - 3 Players Defense
Defense Defense Time % Phy DF OF
1 Jordie Benn MacKenzie Weegar 50 1 2 2
2 Kevin Shattenkirk Shayne Gostisbehere 50 2 2 1
4 vs 4 Forward
Center Wing Time % Phy DF OF
1 Mika Zibanejad Carter Verhaeghe 60 1 2 2
2 Steven Stamkos Matthew Boldy 40 1 1 3
4 vs 4 Defense
Defense Defense Time % Phy DF OF
1 Kevin Shattenkirk MacKenzie Weegar 60 1 2 2
2 Jordie Benn Shayne Gostisbehere 40 1 2 2
Last Minutes Offensive
Center Left Wing Right Wing Defense Defense
Mika Zibanejad Carter Verhaeghe Matthew Boldy Kevin Shattenkirk MacKenzie Weegar
Last Minutes Defensive
Center Left Wing Right Wing Defense Defense
Mika Zibanejad Carter Verhaeghe Matthew Boldy Kevin Shattenkirk MacKenzie Weegar
Goaltenders
Starting : Vitek Vanecek
Backup : Laurent Brossoit
Extra Forwards
Normal : Josh Bailey, Daniel Sprong, Arthur Kaliyev - PP : Josh Bailey, Arthur Kaliyev - PK : Jared McCann
Extra Defensemen
Normal : Philippe Myers, Jordie Benn, Shayne Gostisbehere - PP : Kevin Shattenkirk - PK : Philippe Myers, MacKenzie Weegar
Penalty Shots
Mika Zibanejad, Steven Stamkos, Matthew Boldy, Carter Verhaeghe, Jared McCann
% Time on Ice - Chicago Black Hawks
Lines # - Real PCT - Wanted PCT - Time Play
Normal Forward
1 - 33% - 30% - 16:11
2 - 31% - 30% - 15:30
3 - 23% - 25% - 11:26
4 - 12% - 15% - 6:06
Normal Defense
1 - 31% - 30% - 15:16
2 - 30% - 30% - 14:32
3 - 28% - 25% - 13:57
4 - 11% - 15% - 5:28
PP Forward
1 - 47% - 50% - 1:33
2 - 53% - 50% - 1:44
PP Defense
1 - 45% - 50% - 1:28
2 - 55% - 50% - 1:49
PK Forward
1 - 50% - 50% - 3:26
2 - 50% - 50% - 3:23
PK Defense
1 - 51% - 50% - 3:29
2 - 49% - 50% - 3:20
PK3 Forward
1 - 0% - 50%
2 - 0% - 50%
PK3 Defense
1 - 0% - 50%
2 - 0% - 50%
44 Forward
1 - 68% - 50% - 0:28
2 - 32% - 50% - 0:13
44 Defense
1 - 100% - 50% - 0:41
2 - 0% - 50% - 0:00
Last Minute Offensive - 0:00
Last Minute Defensive - 0:00
Total
Forward - 60:00
Defense - 60:00
|
% Time on Ice - Detroit Red Wings
Lines # - Real PCT - Wanted PCT - Time Play
Normal Forward
1 - 34% - 35% - 16:31
2 - 26% - 30% - 12:57
3 - 23% - 25% - 11:17
4 - 17% - 10% - 8:28
Normal Defense
1 - 38% - 40% - 18:38
2 - 33% - 30% - 16:22
3 - 25% - 20% - 12:08
4 - 4% - 10% - 2:05
PP Forward
1 - 47% - 50% - 3:11
2 - 53% - 50% - 3:38
PP Defense
1 - 51% - 50% - 3:29
2 - 49% - 50% - 3:20
PK Forward
1 - 51% - 50% - 1:40
2 - 49% - 50% - 1:37
PK Defense
1 - 52% - 50% - 1:42
2 - 48% - 50% - 1:35
PK3 Forward
1 - 0% - 50%
2 - 0% - 50%
PK3 Defense
1 - 0% - 50%
2 - 0% - 50%
44 Forward
1 - 100% - 60% - 0:41
2 - 0% - 40% - 0:00
44 Defense
1 - 100% - 60% - 0:41
2 - 0% - 40% - 0:00
Last Minute Offensive - 0:00
Last Minute Defensive - 0:00
Total
Forward - 60:00
Defense - 60:00
|
Play-by-Play
1st period
0:01 of 1st period - Jared McCann wins face-off versus Bo Horvat in neutral zone.
0:56 of 1st period - Snap shot by Daniel Sprong.
0:56 of 1st period - Shot Misses the Net.
1:58 of 1st period - Snap shot by Patrick Kane.
1:58 of 1st period - Stopped by Thatcher Demko without a rebound.
1:59 of 1st period - Bo Horvat wins face-off versus Steven Stamkos in Chicago Black Hawks zone.
2:12 of 1st period - Wrist shot by Bo Horvat.
2:12 of 1st period - Shot Misses the Net.
2:26 of 1st period - Wrist shot by Jared McCann.
2:26 of 1st period - Stopped by Thatcher Demko with a rebound.
2:54 of 1st period - Slapshot by Mika Zibanejad.
2:54 of 1st period - Shot Misses the Net.
3:38 of 1st period - Off-side.
3:39 of 1st period - Nicholas Paul wins face-off versus Mika Zibanejad in neutral zone.
3:48 of 1st period - Snap shot by Jaden Schwartz.
3:48 of 1st period - Stopped by Vitek Vanecek with a rebound.
4:16 of 1st period - Wrist shot by Daniel Sprong.
4:16 of 1st period - Goal by Daniel Sprong - Chicago Black Hawks : 0 - Detroit Red Wings : 1.
4:17 of 1st period - Jared McCann wins face-off versus Shane Pinto in neutral zone.
4:30 of 1st period - Slapshot by Michael Rasmussen.
4:30 of 1st period - Shot Misses the Net.
4:48 of 1st period - Backhand shot by Carter Verhaeghe.
4:48 of 1st period - Stopped by Thatcher Demko with a rebound.
4:50 of 1st period - Wrist shot by Matthew Boldy.
4:50 of 1st period - Shot Misses the Net.
4:52 of 1st period - Wrist shot by MacKenzie Weegar.
4:52 of 1st period - Deflect By Cale Makar.
4:52 of 1st period - Stopped by Thatcher Demko without a rebound.
4:53 of 1st period - Anthony Cirelli wins face-off versus Nicholas Paul in Chicago Black Hawks zone.
4:57 of 1st period - Icing by Seth Jones.
4:58 of 1st period - Nicholas Paul wins face-off versus Anthony Cirelli in Chicago Black Hawks zone.
5:25 of 1st period - Wrist shot by Patrice Bergeron.
5:25 of 1st period - Stopped by Vitek Vanecek without a rebound.
5:26 of 1st period - Barrett Hayton wins face-off versus Steven Stamkos in Detroit Red Wings zone.
5:46 of 1st period - Off-side.
5:47 of 1st period - Bo Horvat wins face-off versus Mika Zibanejad in neutral zone.
7:35 of 1st period - Wrist shot by Daniel Sprong.
7:35 of 1st period - Stopped by Thatcher Demko without a rebound.
7:36 of 1st period - Patrice Bergeron wins face-off versus Anthony Cirelli in Chicago Black Hawks zone.
7:47 of 1st period - Snap shot by Patrice Bergeron.
7:47 of 1st period - Shot Misses the Net.
7:49 of 1st period - Snap shot by Devon Toews.
7:49 of 1st period - Shot Blocked by Jordie Benn.
8:01 of 1st period - Jordie Benn is hit by Conor Sheary and loses puck.
8:11 of 1st period - Minor Penalty to Nicholas Paul for Hooking.
8:12 of 1st period - Patrice Bergeron wins face-off versus Steven Stamkos in Chicago Black Hawks zone.
8:12 of 1st period - Patrice Bergeron is hit by MacKenzie Weegar.
8:49 of 1st period - Snap shot by Patrick Kane.
8:49 of 1st period - Stopped by Thatcher Demko without a rebound.
8:50 of 1st period - Mika Zibanejad wins face-off versus Patrice Bergeron in Chicago Black Hawks zone.
10:11 of 1st period - Penalty to Nicholas Paul is over, Nicholas Paul is back on ice.
10:44 of 1st period - Icing by Shayne Gostisbehere.
10:45 of 1st period - Alexander Barabanov wins face-off versus Nicholas Paul in Detroit Red Wings zone.
11:31 of 1st period - Slapshot by Barrett Hayton.
11:31 of 1st period - Deflect By Mika Zibanejad.
11:31 of 1st period - Shot Misses the Net.
11:31 of 1st period - Puck is out of play.
11:32 of 1st period - Bo Horvat wins face-off versus Mika Zibanejad in Detroit Red Wings zone.
12:41 of 1st period - Off-side.
12:42 of 1st period - Bo Horvat wins face-off versus Josh Bailey in neutral zone.
12:44 of 1st period - Minor Penalty to Cale Makar for Hooking.
12:45 of 1st period - Barrett Hayton wins face-off versus Carter Verhaeghe in Chicago Black Hawks zone.
13:11 of 1st period - Patrice Bergeron is hit by Steven Stamkos and loses puck.
13:16 of 1st period - Snap shot by Patrick Kane.
13:16 of 1st period - Stopped by Thatcher Demko without a rebound.
13:17 of 1st period - Barrett Hayton wins face-off versus Steven Stamkos in Chicago Black Hawks zone.
13:38 of 1st period - MacKenzie Weegar is hit by Seth Jones.
14:03 of 1st period - Slapshot by Carter Verhaeghe.
14:03 of 1st period - Stopped by Thatcher Demko without a rebound.
14:04 of 1st period - Mika Zibanejad wins face-off versus Patrice Bergeron in Chicago Black Hawks zone.
14:44 of 1st period - Penalty to Cale Makar is over, Cale Makar is back on ice.
14:54 of 1st period - Travis Sanheim is hit by Carter Verhaeghe.
14:58 of 1st period - Snap shot by Cale Makar.
14:58 of 1st period - Stopped by Vitek Vanecek with a rebound.
15:00 of 1st period - Slapshot by Cale Makar.
15:00 of 1st period - Stopped by Vitek Vanecek without a rebound.
15:01 of 1st period - Bo Horvat wins face-off versus Josh Bailey in Detroit Red Wings zone.
15:56 of 1st period - Zach Bogosian is hit by Kirby Dach.
16:30 of 1st period - Wrist shot by Steven Stamkos.
16:30 of 1st period - Shot Blocked by Travis Sanheim.
16:32 of 1st period - Backhand shot by Jordie Benn.
16:32 of 1st period - Stopped by Thatcher Demko with a rebound.
16:34 of 1st period - Slapshot by Shayne Gostisbehere.
16:34 of 1st period - Deflect By Michael Rasmussen.
16:34 of 1st period - Stopped by Thatcher Demko without a rebound.
16:35 of 1st period - Mika Zibanejad wins face-off versus Patrice Bergeron in Chicago Black Hawks zone.
16:38 of 1st period - Slapshot by Mika Zibanejad.
16:38 of 1st period - Shot Misses the Net.
17:00 of 1st period - Seth Jones is hit by Anthony Cirelli and loses puck.
17:27 of 1st period - Snap shot by Jaden Schwartz.
17:27 of 1st period - Stopped by Vitek Vanecek without a rebound.
17:28 of 1st period - Nicholas Paul wins face-off versus Mika Zibanejad in Detroit Red Wings zone.
17:35 of 1st period - Snap shot by Jaden Schwartz.
17:35 of 1st period - Deflect By Mika Zibanejad.
17:35 of 1st period - Stopped by Vitek Vanecek without a rebound.
17:36 of 1st period - Patrice Bergeron wins face-off versus Mika Zibanejad in Detroit Red Wings zone.
17:39 of 1st period - Wrist shot by Patrice Bergeron.
17:39 of 1st period - Shot Misses the Net.
17:43 of 1st period - Wrist shot by Barrett Hayton.
17:43 of 1st period - Shot Blocked by Kevin Shattenkirk.
17:45 of 1st period - Snap shot by Kirby Dach.
17:45 of 1st period - Goal by Kirby Dach - Chicago Black Hawks : 1 - Detroit Red Wings : 1.
17:46 of 1st period - Patrice Bergeron wins face-off versus Patrick Kane in neutral zone.
17:55 of 1st period - Snap shot by Kirby Dach.
17:55 of 1st period - Stopped by Vitek Vanecek with a rebound.
17:59 of 1st period - Snap shot by Kirby Dach.
17:59 of 1st period - Stopped by Vitek Vanecek with a rebound.
18:01 of 1st period - Slapshot by Patrice Bergeron.
18:01 of 1st period - Stopped by Vitek Vanecek with a rebound.
18:07 of 1st period - Minor Penalty to Steven Stamkos for Holding.
18:08 of 1st period - Anthony Cirelli wins face-off versus Bo Horvat in Detroit Red Wings zone.
18:34 of 1st period - Josh Bailey is hit by Kirby Dach and loses puck.
18:43 of 1st period - Wrist shot by Kirby Dach.
18:43 of 1st period - Shot Misses the Net.
18:55 of 1st period - Wrist shot by Anthony Cirelli.
18:55 of 1st period - Shot Misses the Net.
18:57 of 1st period - Slapshot by Jordie Benn.
18:57 of 1st period - Stopped by Thatcher Demko without a rebound.
18:58 of 1st period - Patrice Bergeron wins face-off versus Anthony Cirelli in Chicago Black Hawks zone.
19:07 of 1st period - Snap shot by Brent Burns.
19:07 of 1st period - Deflect By Patrice Bergeron.
19:07 of 1st period - Shot Misses the Net.
19:07 of 1st period - Puck is out of play.
19:08 of 1st period - Anthony Cirelli wins face-off versus Patrice Bergeron in Detroit Red Wings zone.
19:37 of 1st period - Snap shot by Patrice Bergeron.
19:37 of 1st period - Stopped by Vitek Vanecek without a rebound.
19:38 of 1st period - Anthony Cirelli wins face-off versus Bo Horvat in Detroit Red Wings zone.
19:43 of 1st period - Wrist shot by Anthony Cirelli.
19:43 of 1st period - Deflect By Cale Makar.
19:43 of 1st period - Shot Misses the Net.
19:43 of 1st period - Puck is out of play.
19:44 of 1st period - Bo Horvat wins face-off versus Anthony Cirelli in Chicago Black Hawks zone.
19:44 of 1st period - Bo Horvat is hit by Anthony Cirelli.
Goals for this period are 1 for Chicago Black Hawks vs 1 for Detroit Red Wings.
Shots for this period are 11 for Chicago Black Hawks vs 12 for Detroit Red Wings.
2nd period
0:01 of 2nd period - Bo Horvat wins face-off versus Anthony Cirelli in neutral zone.
0:06 of 2nd period - Slapshot by Cale Makar.
0:06 of 2nd period - Shot Blocked by Shayne Gostisbehere.
0:07 of 2nd period - Penalty to Steven Stamkos is over, Steven Stamkos is back on ice.
0:08 of 2nd period - Snap shot by Kevin Fiala.
0:08 of 2nd period - Stopped by Vitek Vanecek without a rebound.
0:09 of 2nd period - Anthony Cirelli wins face-off versus Bo Horvat in Detroit Red Wings zone.
0:09 of 2nd period - Anthony Cirelli is hit by Cale Makar.
0:35 of 2nd period - Slapshot by Cale Makar.
0:35 of 2nd period - Stopped by Vitek Vanecek without a rebound.
0:36 of 2nd period - Patrice Bergeron wins face-off versus Mika Zibanejad in Detroit Red Wings zone.
0:37 of 2nd period - Snap shot by Kirby Dach.
0:37 of 2nd period - Shot Misses the Net.
0:39 of 2nd period - Wrist shot by Travis Sanheim.
0:39 of 2nd period - Shot Misses the Net.
0:55 of 2nd period - Travis Sanheim is hit by Matthew Boldy and loses puck.
1:32 of 2nd period - Wrist shot by Kevin Fiala.
1:32 of 2nd period - Shot Hit the Post.
1:58 of 2nd period - Wrist shot by Alexander Barabanov.
1:58 of 2nd period - Shot Blocked by Michael Rasmussen.
2:00 of 2nd period - Wrist shot by Jordie Benn.
2:00 of 2nd period - Stopped by Thatcher Demko without a rebound.
2:01 of 2nd period - Carter Verhaeghe wins face-off versus Patrice Bergeron in Chicago Black Hawks zone.
2:08 of 2nd period - Wrist shot by Mika Zibanejad.
2:08 of 2nd period - Shot Misses the Net.
2:10 of 2nd period - Slapshot by Jordie Benn.
2:10 of 2nd period - Shot Misses the Net.
2:12 of 2nd period - Backhand shot by Matthew Boldy.
2:12 of 2nd period - Stopped by Thatcher Demko with a rebound.
2:14 of 2nd period - Snap shot by Matthew Boldy.
2:14 of 2nd period - Stopped by Thatcher Demko with a rebound.
2:16 of 2nd period - Wrist shot by Carter Verhaeghe.
2:16 of 2nd period - Shot Blocked by Brent Burns.
2:18 of 2nd period - Snap shot by Carter Verhaeghe.
2:18 of 2nd period - Shot Blocked by Kirby Dach.
3:12 of 2nd period - Backhand shot by Arthur Kaliyev.
3:12 of 2nd period - Shot Misses the Net.
3:14 of 2nd period - Slapshot by Philippe Myers.
3:14 of 2nd period - Stopped by Thatcher Demko with a rebound.
3:26 of 2nd period - Patrice Bergeron is hit by Zach Bogosian and loses puck.
3:57 of 2nd period - Nicholas Paul is hit by Steven Stamkos and loses puck.
5:34 of 2nd period - Bo Horvat is hit by MacKenzie Weegar and loses puck.
5:53 of 2nd period - Jaden Schwartz is hit by Carter Verhaeghe and loses puck.
5:58 of 2nd period - Snap shot by Carter Verhaeghe.
5:58 of 2nd period - Shot Misses the Net.
6:16 of 2nd period - Arthur Kaliyev is hit by Devon Toews and loses puck.
6:54 of 2nd period - Snap shot by Shane Pinto.
6:54 of 2nd period - Shot Blocked by Zach Bogosian.
7:00 of 2nd period - Devon Toews is hit by Jonathan Huberdeau and loses puck.
7:29 of 2nd period - Snap shot by Jonathan Huberdeau.
7:29 of 2nd period - Goal by Jonathan Huberdeau - Chicago Black Hawks : 1 - Detroit Red Wings : 2.
7:30 of 2nd period - Mika Zibanejad wins face-off versus Patrice Bergeron in neutral zone.
8:17 of 2nd period - Off-side.
8:18 of 2nd period - Patrice Bergeron wins face-off versus Alexander Barabanov in neutral zone.
8:42 of 2nd period - Icing by Shayne Gostisbehere.
8:43 of 2nd period - Bo Horvat wins face-off versus Mika Zibanejad in Detroit Red Wings zone.
8:58 of 2nd period - Snap shot by Mika Zibanejad.
8:58 of 2nd period - Shot Blocked by Cale Makar.
9:00 of 2nd period - Slapshot by Matthew Boldy.
9:00 of 2nd period - Stopped by Thatcher Demko without a rebound.
9:01 of 2nd period - Nicholas Paul wins face-off versus Steven Stamkos in Chicago Black Hawks zone.
9:04 of 2nd period - Wrist shot by Patrick Kane.
9:04 of 2nd period - Shot Misses the Net.
9:06 of 2nd period - Slapshot by Kevin Shattenkirk.
9:06 of 2nd period - Stopped by Thatcher Demko without a rebound.
9:07 of 2nd period - Steven Stamkos wins face-off versus Nicholas Paul in Chicago Black Hawks zone.
9:10 of 2nd period - Wrist shot by Patrick Kane.
9:10 of 2nd period - Stopped by Thatcher Demko with a rebound.
9:12 of 2nd period - Snap shot by Steven Stamkos.
9:12 of 2nd period - Stopped by Thatcher Demko with a rebound.
9:16 of 2nd period - Slapshot by Steven Stamkos.
9:16 of 2nd period - Deflect By Patrick Kane.
9:16 of 2nd period - Shot Misses the Net.
9:16 of 2nd period - Puck is out of play.
9:17 of 2nd period - Mika Zibanejad wins face-off versus Nicholas Paul in Chicago Black Hawks zone.
9:54 of 2nd period - Off-side.
9:55 of 2nd period - Steven Stamkos wins face-off versus Kirby Dach in neutral zone.
10:05 of 2nd period - Patrick Kane is hit by Patrice Bergeron and loses puck.
10:31 of 2nd period - Snap shot by Kevin Fiala.
10:31 of 2nd period - Stopped by Vitek Vanecek without a rebound.
10:32 of 2nd period - Steven Stamkos wins face-off versus Nicholas Paul in Detroit Red Wings zone.
11:30 of 2nd period - Wrist shot by Bo Horvat.
11:30 of 2nd period - Stopped by Vitek Vanecek without a rebound.
11:31 of 2nd period - Steven Stamkos wins face-off versus Nicholas Paul in Detroit Red Wings zone.
11:46 of 2nd period - Snap shot by Jared McCann.
11:46 of 2nd period - Stopped by Thatcher Demko with a rebound.
11:48 of 2nd period - Slapshot by Philippe Myers.
11:48 of 2nd period - Shot Misses the Net.
12:26 of 2nd period - Snap shot by Daniel Sprong.
12:26 of 2nd period - Shot Misses the Net.
12:38 of 2nd period - Josh Bailey is hit by Travis Sanheim and loses puck.
12:45 of 2nd period - Snap shot by Nicholas Paul.
12:45 of 2nd period - Shot Blocked by Alexander Barabanov.
12:47 of 2nd period - Slapshot by Seth Jones.
12:47 of 2nd period - Stopped by Vitek Vanecek without a rebound.
12:48 of 2nd period - Jared McCann wins face-off versus Patrice Bergeron in Detroit Red Wings zone.
12:57 of 2nd period - Wrist shot by Steven Stamkos.
12:57 of 2nd period - Goal by Steven Stamkos - Chicago Black Hawks : 1 - Detroit Red Wings : 3.
12:58 of 2nd period - Nicholas Paul wins face-off versus Steven Stamkos in neutral zone.
13:01 of 2nd period - Slapshot by Cale Makar.
13:01 of 2nd period - Stopped by Vitek Vanecek with a rebound.
13:03 of 2nd period - Slapshot by Brent Burns.
13:03 of 2nd period - Stopped by Vitek Vanecek with a rebound.
13:05 of 2nd period - Snap shot by Jaden Schwartz.
13:05 of 2nd period - Shot Misses the Net.
13:07 of 2nd period - Slapshot by Brent Burns.
13:07 of 2nd period - Deflect By Jaden Schwartz.
13:07 of 2nd period - Goal by Jaden Schwartz - Chicago Black Hawks : 2 - Detroit Red Wings : 3.
13:08 of 2nd period - Mika Zibanejad wins face-off versus Nicholas Paul in neutral zone.
13:47 of 2nd period - Snap shot by Patrice Bergeron.
13:47 of 2nd period - Shot Blocked by MacKenzie Weegar.
14:03 of 2nd period - Snap shot by Vincent Trocheck.
14:03 of 2nd period - Deflect By Daniel Sprong.
14:03 of 2nd period - Goal by Vincent Trocheck - Chicago Black Hawks : 3 - Detroit Red Wings : 3.
14:04 of 2nd period - Bo Horvat wins face-off versus Mika Zibanejad in neutral zone.
14:09 of 2nd period - Wrist shot by Kevin Fiala.
14:09 of 2nd period - Shot Misses the Net.
14:11 of 2nd period - Snap shot by Kevin Fiala.
14:11 of 2nd period - Stopped by Vitek Vanecek with a rebound.
14:13 of 2nd period - Slapshot by Bo Horvat.
14:13 of 2nd period - Shot Blocked by Jordie Benn.
14:15 of 2nd period - Snap shot by Vincent Trocheck.
14:15 of 2nd period - Shot Misses the Net.
14:31 of 2nd period - Jordie Benn is hit by Brent Burns and loses puck.
14:42 of 2nd period - Slapshot by Jaden Schwartz.
14:42 of 2nd period - Stopped by Vitek Vanecek without a rebound.
14:43 of 2nd period - Patrice Bergeron wins face-off versus Mika Zibanejad in Detroit Red Wings zone.
14:54 of 2nd period - Slapshot by Kirby Dach.
14:54 of 2nd period - Shot Misses the Net.
14:56 of 2nd period - Slapshot by Cale Makar.
14:56 of 2nd period - Shot Misses the Net.
14:58 of 2nd period - Wrist shot by Kirby Dach.
14:58 of 2nd period - Stopped by Vitek Vanecek with a rebound.
15:20 of 2nd period - Slapshot by Steven Stamkos.
15:20 of 2nd period - Shot Misses the Net.
15:58 of 2nd period - Wrist shot by Patrice Bergeron.
15:58 of 2nd period - Shot Blocked by Shayne Gostisbehere.
16:03 of 2nd period - Icing by Shayne Gostisbehere.
16:04 of 2nd period - Josh Bailey wins face-off versus Shane Pinto in Detroit Red Wings zone.
16:53 of 2nd period - Wrist shot by Alexander Barabanov.
16:53 of 2nd period - Shot Misses the Net.
16:55 of 2nd period - Slapshot by Shayne Gostisbehere.
16:55 of 2nd period - Deflect By Arthur Kaliyev.
16:55 of 2nd period - Shot Blocked by Travis Sanheim.
16:55 of 2nd period - Puck is out of play.
16:56 of 2nd period - Patrice Bergeron wins face-off versus Steven Stamkos in Chicago Black Hawks zone.
17:26 of 2nd period - Snap shot by Vincent Trocheck.
17:26 of 2nd period - Deflect By Kevin Fiala.
17:26 of 2nd period - Shot Misses the Net.
17:26 of 2nd period - Puck is out of play.
17:27 of 2nd period - Mika Zibanejad wins face-off versus Patrice Bergeron in Detroit Red Wings zone.
17:50 of 2nd period - Minor Penalty to Barrett Hayton for Slashing.
17:51 of 2nd period - Jaden Schwartz wins face-off versus Mika Zibanejad in Chicago Black Hawks zone.
17:56 of 2nd period - Wrist shot by Jaden Schwartz.
17:56 of 2nd period - Stopped by Vitek Vanecek with a rebound.
18:04 of 2nd period - Slapshot by Shayne Gostisbehere.
18:04 of 2nd period - Shot Blocked by Brent Burns.
18:36 of 2nd period - Slapshot by Mika Zibanejad.
18:36 of 2nd period - Goal by Mika Zibanejad - Chicago Black Hawks : 3 - Detroit Red Wings : 4.
18:37 of 2nd period - Nicholas Paul wins face-off versus Steven Stamkos in neutral zone.
18:40 of 2nd period - Wrist shot by Conor Sheary.
18:40 of 2nd period - Stopped by Vitek Vanecek with a rebound.
18:42 of 2nd period - Slapshot by Marcus Pettersson.
18:42 of 2nd period - Stopped by Vitek Vanecek without a rebound.
18:43 of 2nd period - Jared McCann wins face-off versus Nicholas Paul in Detroit Red Wings zone.
Goals for this period are 2 for Chicago Black Hawks vs 3 for Detroit Red Wings.
Shots for this period are 15 for Chicago Black Hawks vs 12 for Detroit Red Wings.
3rd period
0:01 of 3rd period - Bo Horvat wins face-off versus Mika Zibanejad in neutral zone.
0:06 of 3rd period - Snap shot by Mika Zibanejad.
0:06 of 3rd period - Stopped by Thatcher Demko with a rebound.
0:08 of 3rd period - Snap shot by Matthew Boldy.
0:08 of 3rd period - Stopped by Thatcher Demko with a rebound.
0:10 of 3rd period - Wrist shot by Matthew Boldy.
0:10 of 3rd period - Shot Blocked by Vincent Trocheck.
0:14 of 3rd period - Snap shot by Carter Verhaeghe.
0:14 of 3rd period - Shot Misses the Net.
0:16 of 3rd period - Slapshot by Mika Zibanejad.
0:16 of 3rd period - Deflect By Kevin Fiala.
0:16 of 3rd period - Shot Blocked by Bo Horvat.
0:16 of 3rd period - Puck is out of play.
0:17 of 3rd period - Nicholas Paul wins face-off versus Jared McCann in Chicago Black Hawks zone.
0:22 of 3rd period - Slapshot by Cale Makar.
0:22 of 3rd period - Shot Blocked by Kevin Shattenkirk.
0:27 of 3rd period - Off-side.
0:28 of 3rd period - Anthony Cirelli wins face-off versus Nicholas Paul in neutral zone.
0:52 of 3rd period - Minor Penalty to Nicholas Paul for Roughing.
0:53 of 3rd period - Barrett Hayton wins face-off versus Steven Stamkos in Chicago Black Hawks zone.
1:08 of 3rd period - Snap shot by Steven Stamkos.
1:08 of 3rd period - Stopped by Thatcher Demko with a rebound.
1:19 of 3rd period - Icing by MacKenzie Weegar.
1:20 of 3rd period - Barrett Hayton wins face-off versus Mika Zibanejad in Detroit Red Wings zone.
1:37 of 3rd period - Snap shot by Matthew Boldy.
1:37 of 3rd period - Stopped by Thatcher Demko with a rebound.
1:39 of 3rd period - Snap shot by Kevin Shattenkirk.
1:39 of 3rd period - Deflect By Matthew Boldy.
1:39 of 3rd period - Goal by Matthew Boldy - Chicago Black Hawks : 3 - Detroit Red Wings : 5.
1:40 of 3rd period - Bo Horvat wins face-off versus Steven Stamkos in neutral zone.
2:07 of 3rd period - Carter Verhaeghe is hit by Seth Jones and loses puck.
2:36 of 3rd period - Wrist shot by Jaden Schwartz.
2:36 of 3rd period - Shot Misses the Net.
2:58 of 3rd period - Slapshot by Kevin Fiala.
2:58 of 3rd period - Shot Blocked by Philippe Myers.
3:24 of 3rd period - Slapshot by Mika Zibanejad.
3:24 of 3rd period - Stopped by Thatcher Demko without a rebound.
3:25 of 3rd period - Steven Stamkos wins face-off versus Patrice Bergeron in Chicago Black Hawks zone.
3:26 of 3rd period - Snap shot by Patrick Kane.
3:26 of 3rd period - Deflect By Jared McCann.
3:26 of 3rd period - Shot Misses the Net.
3:26 of 3rd period - Puck is out of play.
3:27 of 3rd period - Patrice Bergeron wins face-off versus Patrick Kane in Chicago Black Hawks zone.
3:52 of 3rd period - Off-side.
3:53 of 3rd period - Mika Zibanejad wins face-off versus Nicholas Paul in neutral zone.
3:56 of 3rd period - Marcus Pettersson is hit by Carter Verhaeghe.
4:39 of 3rd period - Off-side.
4:40 of 3rd period - Bo Horvat wins face-off versus Jonathan Huberdeau in neutral zone.
5:07 of 3rd period - Steven Stamkos is hit by Jaden Schwartz and loses puck.
5:40 of 3rd period - Marcus Pettersson is hit by Carter Verhaeghe and loses puck.
5:51 of 3rd period - Marcus Pettersson is hit by Jordie Benn and loses puck.
6:07 of 3rd period - Icing by Travis Sanheim.
6:08 of 3rd period - Bo Horvat wins face-off versus Josh Bailey in Chicago Black Hawks zone.
6:08 of 3rd period - Bo Horvat is hit by Josh Bailey.
6:32 of 3rd period - Minor Penalty to Philippe Myers for Hooking.
6:33 of 3rd period - Patrice Bergeron wins face-off versus Anthony Cirelli in Detroit Red Wings zone.
7:30 of 3rd period - Snap shot by Cale Makar.
7:30 of 3rd period - Stopped by Vitek Vanecek without a rebound.
7:31 of 3rd period - Anthony Cirelli wins face-off versus Patrice Bergeron in Detroit Red Wings zone.
7:31 of 3rd period - Anthony Cirelli is hit by Patrice Bergeron.
7:37 of 3rd period - Kevin Shattenkirk is hit by Kirby Dach and loses puck.
7:50 of 3rd period - Minor Penalty to Barrett Hayton for Hooking.
7:51 of 3rd period - Vincent Trocheck wins face-off versus Mika Zibanejad in Chicago Black Hawks zone.
7:57 of 3rd period - Off-side.
7:58 of 3rd period - Vincent Trocheck wins face-off versus Mika Zibanejad in neutral zone.
8:01 of 3rd period - Kevin Shattenkirk is hit by Devon Toews and loses puck.
8:32 of 3rd period - Penalty to Philippe Myers is over, Philippe Myers is back on ice.
8:32 of 3rd period - Snap shot by Kevin Fiala.
8:32 of 3rd period - Shot Misses the Net.
8:34 of 3rd period - Slapshot by Devon Toews.
8:34 of 3rd period - Deflect By Kevin Fiala.
8:34 of 3rd period - Stopped by Vitek Vanecek without a rebound.
8:35 of 3rd period - Steven Stamkos wins face-off versus Jaden Schwartz in Detroit Red Wings zone.
8:40 of 3rd period - Slapshot by Shayne Gostisbehere.
8:40 of 3rd period - Stopped by Thatcher Demko without a rebound.
8:41 of 3rd period - Steven Stamkos wins face-off versus Jaden Schwartz in Chicago Black Hawks zone.
9:16 of 3rd period - Travis Sanheim is hit by Mika Zibanejad and loses puck.
9:27 of 3rd period - Frederick Gaudreau is hit by Kevin Shattenkirk and loses puck.
9:50 of 3rd period - Penalty to Barrett Hayton is over, Barrett Hayton is back on ice.
9:58 of 3rd period - Snap shot by Bo Horvat.
9:58 of 3rd period - Shot Misses the Net.
10:00 of 3rd period - Slapshot by Travis Sanheim.
10:00 of 3rd period - Deflect By Vincent Trocheck.
10:00 of 3rd period - Stopped by Vitek Vanecek with a rebound.
10:02 of 3rd period - Wrist shot by Travis Sanheim.
10:02 of 3rd period - Shot Blocked by Daniel Sprong.
10:08 of 3rd period - Wrist shot by Bo Horvat.
10:08 of 3rd period - Shot Misses the Net.
10:59 of 3rd period - Philippe Myers is hit by Shane Pinto and loses puck.
11:10 of 3rd period - Arthur Kaliyev is hit by Bo Horvat.
11:14 of 3rd period - Philippe Myers is hit by Bo Horvat and loses puck.
11:27 of 3rd period - Anthony Cirelli is hit by Brent Burns and loses puck.
12:03 of 3rd period - Mika Zibanejad is hit by Cale Makar and loses puck.
12:34 of 3rd period - Daniel Sprong is hit by Shane Pinto.
12:58 of 3rd period - Devon Toews is hit by Jordie Benn and loses puck.
13:22 of 3rd period - Shayne Gostisbehere is hit by Kirby Dach and loses puck.
13:35 of 3rd period - Cale Makar is hit by Arthur Kaliyev.
14:59 of 3rd period - Daniel Sprong is hit by Kirby Dach and loses puck.
15:06 of 3rd period - Patrice Bergeron is hit by Jonathan Huberdeau and loses puck.
15:39 of 3rd period - Cale Makar is hit by Carter Verhaeghe and loses puck.
15:46 of 3rd period - Wrist shot by Matthew Boldy.
15:46 of 3rd period - Stopped by Thatcher Demko with a rebound.
16:08 of 3rd period - Steven Stamkos is hit by Travis Sanheim and loses puck.
16:17 of 3rd period - Jaden Schwartz is hit by Steven Stamkos and loses puck.
16:38 of 3rd period - Barrett Hayton is hit by Carter Verhaeghe and loses puck.
17:40 of 3rd period - Patrick Kane is hit by Vincent Trocheck and loses puck.
17:52 of 3rd period - Kevin Fiala is hit by Patrick Kane and loses puck.
18:10 of 3rd period - Icing by Devon Toews.
18:11 of 3rd period - Patrice Bergeron wins face-off versus Anthony Cirelli in Chicago Black Hawks zone.
19:30 of 3rd period - Daniel Sprong is hit by Nicholas Paul and loses puck.
Goals for this period are 0 for Chicago Black Hawks vs 1 for Detroit Red Wings.
Shots for this period are 3 for Chicago Black Hawks vs 8 for Detroit Red Wings.
Back to the Top